 Dungeon Crawl Stone Soup version 0.31.0-11-ge490571c62 (webtiles) character file.

Game seed: 8583327543585255321

574 browni3141 the Conjurer (level 7, 39/46 HPs)
             Began as a Demonspawn Conjurer on Jan 30, 2024.
             Got out of the dungeon alive.
             The game lasted 00:03:27 (3703 turns).

browni3141 the Conjurer (Demonspawn Conjurer)       Turns: 3703, Time: 00:03:28

Health: 39/46      AC:  7    Str:  7    XL:     7   Next: 12%
Magic:  12/12      EV: 13    Int: 21    God:
Gold:   114        SH:  0    Dex: 11    Spells: 10/13 levels left

rFire   + . .        q - +0 short sword (drain)
rCold   . . .        (no shield)
rNeg    . . .        o - +2 robe {rF+}
rPois   .            l - +0 helmet
rElec   .            (no cloak)
rCorr   .            (no gloves)
SInv    .            (no boots)
Will    .....        (no amulet)
Stlth   ++           (no ring)
HPRegen 0.27/turn    (no ring)
MPRegen 0.13/turn

%: no passive effects
@: no status effects
A: thin metallic scales 1, demonic magic 1, weakness stinger 1
a: no special abilities


You escaped.
You visited 1 branch of the dungeon, and saw 4 of its levels.

You collected 114 gold pieces.

Inventory:

Hand Weapons
 p - a +0 whip
 q - a +0 short sword of draining (weapon)
Armour
 a - a +0 robe
 l - a +0 helmet (worn)
 o - a +2 robe of fire resistance (worn)
Jewellery
 f - an amulet of regeneration
Wands
 r - a wand of flame (28)
Scrolls
 d - a scroll of identify {unknown}
 i - a scroll of teleportation {unknown}
 j - 2 scrolls of immolation {unknown}
 m - a scroll of amnesia {unknown}
 n - 2 scrolls of enchant armour {unknown}
Potions
 b - 2 potions of magic
 c - a potion of degeneration {unknown}
 e - 3 potions of enlightenment {unknown}
 g - a potion of heal wounds {unknown}
 h - a potion of haste {unknown}
 k - 2 potions of curing {unknown}


   Skills:
 + Level 3.8 Dodging
 + Level 4.1 Stealth
 + Level 3.9 Spellcasting
 + Level 5.5 Conjurations


You had 10 spell levels left.
You knew the following spells:

 Your Spells              Type           Power      Damage    Failure   Level
a - Magic Dart            Conj           100%       1d8       1%          1
b - Searing Ray           Conj           54%        2d6       1%          2

Your spell library contained the following spells:

 Spells                   Type           Power      Damage    Failure   Level
 Fulminant Prism          Conj/Alch      7%         3d7       36%         4
 Iskenderun's Mystic Bla  Conj/Tloc      15%        2d5       36%         4


Dungeon Overview and Level Annotations

Branches:
Dungeon (4/15)
 Temple: D:4-7

Altars:


Innate Abilities, Weirdness & Mutations

You are partially covered in thin metallic scales. (AC +2)
Spells you cast may paralyse adjacent enemies.
You have a small tail.


Message History

You kill the ribbon worm!
Malevolent energies surge around you.
You can't see any susceptible monsters within range! (Use Z to cast anyway.)
You can't see any susceptible monsters within range! (Use Z to cast anyway.)
Found a stone staircase leading down.
Things that are here:
a +0 short sword of draining; 5 stones A jelly and an endoplasm come into view.
There are monsters nearby!
There are monsters nearby!
A goblin comes into view.
It is wielding a +3 dagger of electrocution.
The magic dart hits the endoplasm.
The endoplasm is lightly wounded.
The endoplasm quivers.
Malevolent energies surge around you.
The magic dart hits the endoplasm.
You kill the endoplasm!
Malevolent energies surge around you.
The jelly quivers.
The magic dart hits the jelly.
The jelly is moderately wounded.
Malevolent energies surge around you.
The magic dart hits the jelly.
The jelly is heavily wounded.
Malevolent energies surge around you.
The magic dart hits the jelly.
You kill the jelly!
Malevolent energies surge around you.
Things that are here:
a +0 short sword of draining; 5 stones You sense an unholy aura.
q - a +0 short sword of draining (weapon)
You now have 114 gold pieces (gained 9).
You open the door.
Things that are here:
a +0 dagger; a +0 leather armour
Found a stone staircase leading up.
Things that are here:
a +0 whip; 8 stones An orc comes into view.
It is wielding a +0 dagger.
An orc is nearby!
You enter the shallow water.
Moving in this stuff is going to be slow.
Things that are here:
a +0 club; a goblin skeleton
Things that are here:
a +0 dagger; a goblin skeleton
There is an escape hatch in the ceiling here.
A mysterious force pulls you upwards. The hatch slams shut behind you.
Level annotation: Sigmund No remembered map.
Sigmund shouts!
Sigmund points at you and mumbles some strange words.
The magic dart hits you.
Sigmund points at you and mumbles some strange words.
The magic dart hits you.
Casting: Magic Dart (safe; 1% risk of failure)
Confirm with . or Enter, or press ? or * to list all spells.
Aiming: Searing Ray (safe; 2% risk of failure)
Press: ? - help, Shift-Dir - straight line, f - Sigmund
Aim: Sigmund, wielding a +0 scythe, wearing a +2 robe and carrying a wand of flame (77% to hit)
The searing ray hits Sigmund.
Sigmund is lightly wounded. (Press . to maintain the ray.) Malevolent energies surge around you.
Sigmund hits you with a +0 scythe.
You closely miss Sigmund.
Sigmund is lightly wounded.
Sigmund laughs darkly.
Sigmund hits you with a +0 scythe!
You hit Sigmund. You drain Sigmund.
Your tail-slap misses Sigmund.
Sigmund is moderately wounded.
You hit Sigmund. You drain Sigmund.
Sigmund is heavily wounded.
Sigmund completely misses you.
Casting: Searing Ray (safe; 2% risk of failure)
Confirm with . or Enter, or press ? or * to list all spells.
Aiming: Searing Ray (safe; 2% risk of failure)
Press: ? - help, Shift-Dir - straight line, f/p - Sigmund
Aim: Sigmund, wielding a +0 scythe, wearing a +2 robe and carrying a wand of flame (heavily wounded, heavily drained, 77% to hit)
The searing ray hits Sigmund!
You kill Sigmund! (Press . to maintain the ray.) Malevolent energies surge around you.
Your Stealth skill increases to level 4!
You have reached level 7!
r - a wand of flame (28)
Things that are here:
a +0 scythe; a +2 robe; the human corpse of Sigmund What level of the Dungeon? (default 4, ? - help)
There is a stone staircase leading up here.
You climb upwards.
There is a stone staircase leading down here.
There is a stone staircase leading up here.
You climb upwards.
There is a stone staircase leading down here.
There is an open door here.
Magic restored.
There is an open door here.
There is a staircase leading out of the dungeon here.
You have escaped!

...........##########...#########
.................)......# #
........############....# ######
............##.♣####....# #.....
.........##.#.♣.♣..#....# #..>..
######'#.##..##♣.♣#..#### #.....
#.#.##.##♣..###.# #.....
#####.#.##.# ♣..♣ #.# #.....
#...#.#.##.# #♣@♣ #.# #.....
#...#.#....# #♣# #.# #.....
##...#.#.###########.# #.....
.....'.#..........##.# #.....
##...###.########.##.# #.....
.....#....# ####'##.############
.....#....# #...................
.....#....# #..........##.###.##
.....#....# #..........##.# #.#.


There were no monsters in sight!

Vanquished Creatures
  Sigmund (D:3)
  Eustachio (D:4)
  Blork the orc (D:4)
  A howler monkey (D:4)
  A hound (D:3)
  A jelly (D:4)
  Jessica (D:3)
  4 adders
  A dart slug (D:1)
  A ribbon worm (D:4)
  3 orcs
  4 ball pythons
  6 bats
  3 endoplasms
  A giant cockroach (D:4)
  10 goblins
  5 hobgoblins
  4 jackals (D:2)
  9 kobolds
  2 quokkas
  2 frilled lizards (D:2)
  6 rats
68 creatures vanquished.

Notes
Turn   | Place    | Note
-------+----------+-------------------------------------------
     0 | D:1      | browni3141 the Demonspawn Conjurer began the quest for the
                  | Orb.
     0 | D:1      | Reached XP level 1. HP: 13/13 MP: 3/3
   201 | D:1      | Gained mutation: You are partially covered in thin metallic
                  | scales. (AC +2) [demonic ancestry]
   201 | D:1      | Reached XP level 2. HP: 14/19 MP: 0/5
  1198 | D:2      | Learned a level 2 spell: Searing Ray
  1241 | D:2      | Reached XP level 3. HP: 24/24 MP: 1/6
  2042 | D:3      | Noticed Sigmund
  2224 | D:3      | Noticed Jessica
  2227 | D:3      | Killed Jessica
  2228 | D:3      | Gained mutation: You have a small tail. [demonic ancestry]
  2228 | D:3      | Reached XP level 4. HP: 30/30 MP: 2/8
  2856 | D:4      | Noticed Blork the orc
  2930 | D:4      | Reached XP level 5. HP: 35/35 MP: 4/9
  2937 | D:4      | Killed Blork the orc
  3306 | D:4      | Noticed Eustachio
  3324 | D:4      | Killed Eustachio
  3325 | D:4      | Reached skill level 5 in Conjurations
  3325 | D:4      | Gained mutation: Spells you cast may paralyse adjacent
                  | enemies. [demonic ancestry]
  3325 | D:4      | Reached XP level 6. HP: 30/41 MP: 1/11
  3651 | D:3      | Killed Sigmund
  3652 | D:3      | Reached XP level 7. HP: 25/46 MP: 7/12
  3703 | D:$      | Got out of the dungeon alive.

Illustrated notes

Levels and vault maps discovered:
D:1:      pf_arrival_petrified_forest, layout_basic, minmay_misc_feat_plants,
          feat_on_display
D:2:      layout_loops_cross
D:3:      layout_rooms, uniq_sigmund, uniq_jessica
D:4:      layout_basic, serial_bayou, serial_bayou_ford_a, serial_bayou_pond_e,
          serial_bayou_shore_b, serial_bayou_shore_b, uniq_eustachio,
          uniq_blork_the_orc

Skill      XL: |  1  2  3  4  5  6 |
---------------+-------------------+-----
Dodging        | 2 3 |  3.8
Stealth        | 2 3 4 |  4.1
Spellcasting   | 3 |  3.9
Conjurations   | 5 |  5.5

Action                     |  1- 3 |  4- 6 |  7- 9 || total
---------------------------+-------+-------+-------++-------
  Melee: Unarmed           |    60 |       |       ||    60
         Whip              |       |    34 |       ||    34
         Tailslap          |       |     4 |       ||     4
         Short sword       |       |     3 |       ||     3
   Cast: Magic Dart        |    61 |    58 |       ||   119
         Searing Ray       |     2 |     8 |       ||    10
    Use: Potion            |       |     1 |       ||     1
 Armour: Robe              |    34 |    43 |       ||    77
  Dodge: Dodged            |    57 |    49 |       ||   106
